 Dungeon Sprint DCSS version bcrawl-1.17.3 (webtiles) character file.

Game seed: 11363510585344034538

63635 Freyura the Warrior (level 15, -9/140 HPs)
             Began as a Hill Orc Fighter on Oct 23, 2019.
             Was the Champion of the Shining One.
             Killed from afar by an orb of fire (36 damage)
             ... with a bolt of fire
             ... in the Dungeon (Sprint IX: "|||||||||||||||||||||||||||||").
             The game lasted 00:22:40 (4022 turns).

Freyura the Warrior (Hill Orc Fighter)              Turns: 4022, Time: 00:22:40

Health: -9/140     AC: 40    Str: 33    XL:     15   Next: 10%
Magic:  28/28      EV: 17    Int:  8    God:    the Shining One [******]
Gold:   1900       SH: 23    Dex: 15    Spells: 14/14 levels left

rFire    . . .     SeeInvis .   B - +8 autumn katana {slice, Clar}
rCold    . . .     Gourm    .   c - +0 shield
rNeg     + + +     Faith    .   E - +14 chain mail of Awe {-Tele +Inv Str+9}
rPois    .         Spirit   .   D - +2 helmet
rElec    .         Reflect  .   F - +2 cloak
rCorr    .         Harm     .   u - +0 pair of gloves
MR       ++...     Clarity  +   v - +0 pair of boots Stlth ..........NoTele +
                                (no amulet)
HPRegen  0.33/turn              p - +3 ring of strength
MPRegen  0.21/turn              A - ring of protection from magic

@: glowing
A: frail 1
a: Divine Shield, Cleansing Flame, Summon Divine Warrior, Brand Weapon With Holy
Wrath, Renounce Religion, Evoke Invisibility


You were in the Dungeon.
You worshipped the Shining One.
The Shining One was exalted by your worship.
You were not hungry.

You visited 1 branch You collected 1900 gold pieces.

Inventory:

Hand Weapons
 m - a +2 scimitar of flaming
 n - a +5 demon trident of venom
 B - the +8 autumn katana (weapon) {slice, Clar}
   (You found it in the Dungeon)

   It inflicts extra damage upon your enemies.
   It protects you against confusion.
 C - the +11 plutonium sword {*Contam Stlth-}
   (You found it in the Dungeon)

   It causes magical contamination when unequipped.
   It makes you less stealthy.
Missiles
 x - a throwing net (quivered) {!f}
Armour
 c - a +0 shield (worn)
 u - a +0 pair of gloves (worn)
 v - a +0 pair of boots (worn)
 D - a +2 helmet (worn)
 E - the +14 chain mail of Awe (worn) {-Tele +Inv Str+9}
   (You found it in the Dungeon)

   It affects your strength (+9).
   It lets you turn invisible.
   It prevents most forms of teleportation.
 F - a +2 cloak (worn)
Jewellery
 p - a +3 ring of strength (left hand)
 A - a ring of protection from magic (right hand)
Wands
 l - a wand of iceblast (10)
 t - a wand of flame (11)
Scrolls
 b - a scroll of identify
 g - 3 scrolls of remove curse
 j - 2 scrolls of amnesia
 k - 2 scrolls of blinking
 o - 3 scrolls of fog
 r - 8 scrolls of enchant weapon
 s - 2 scrolls of fear
Potions
 a - 2 potions of might
 d - a potion of heal wounds
 e - 5 potions of curing
 h - 5 potions of haste
 i - 4 potions of magic
 G - a potion of mutation
Comestibles
 f - 9 rations {!d}


   Skills:
 * Level 20.3 Fighting
   Level 20.3 Short Blades
   Level 20.3 Long Blades
   Level 20.3 Axes
   Level 20.3 Maces & Flails
   Level 20.3 Polearms
   Level 20.3 Staves
 + Level 19.0 Armour
 + Level 11.1 Dodging
 + Level 18.9 Shields
   Level 20.3 Unarmed Combat
 + Level 18.0 Invocations
 + Level 12.9 Evocations


You had 14 spell levels left.
You didn't know any spells.
Your spell library was empty.

Dungeon Overview and Level Annotations

Branches:
Dungeon (1/1)

Altars:
Cheibriados
Dithmenos
Elyvilon
Fedhas
Gozag
Hepliaklqana
Kikubaaqudgha
Lugonu
Makhleb
Nemelex Xobeh
Okawaru
Qazlal
Ru
Sif Muna
Trog
Uskayaw
Vehumet
Wu Jian
Xom
Yredelemnul
Zin
The Shining One
Beogh
Jiyva

Shops:
D ![[!


Innate Abilities, Weirdness & Mutations

You are frail. (-10% HP)


Message History

The orb of fire glows bright magenta.
The fireball explodes!
The fireball engulfs you!
Things that are here:
a guardian serpent corpse; a sphinx corpse The orb of fire glows yellow.
The bolt of fire hits you!
* * * LOW HITPOINT WARNING * * *
Your daeva misses the orb of fire.
Your daeva completely misses the orb of fire.
Things that are here:
a guardian serpent corpse; a sphinx corpse You hit the orb of fire but do no damage.
The orb of fire is moderately damaged.
Your daeva calls down the wrath of the Shining One upon the orb of fire.
The orb of fire is smitten.
You barely miss the orb of fire.
The orb of fire is moderately damaged.
The orb of fire glows deep purple.
The bolt of fire hits you!
You die...

▓.▓.▓.▓.▓)▓.▓.▓.
▓.▓.▓.▓.▓.▓.▓.▓.
▓+▓.▓.▓.▓'▓.▓'▓.▓[
▓.▓.▓.▓.▓.▓.▓.▓.▓.
▓.▓.▓.▓.▓.▓.▓.▓.▓.
▓.▓.▓'▓.▓.▓.▓.▓.▓.
▓.▓.▓.▓.▓.▓.▓)▓.▓'
▓.▓.▓.▓.▓.▓.▓)▓.▓)
▓@▓.▓.▓.▓)▓.▓∩▓.▓.
▓*▓.▓†▓.▓[▓.▓.▓.▓.
▓A▓.▓†▓.▓†▓.▓∩▓.▓.
▓.▓)▓)▓.▓†▓.▓.▓.▓.
▓.▓.▓†▓.▓(▓.▓∩▓.▓.
▓)▓.▓)▓.▓(▓.▓)▓.▓.
▓.▓.▓[▓.▓.▓.▓∩▓.▓.
▓)▓.▓'▓.▓.▓.▓)▓.▓.
▓)▓)▓.▓.▓†▓.▓)▓.▓.


You could see an orb of fire and a friendly daeva.

Vanquished Creatures
  Saint Roka (D)
  Rupert (D)
  Frances (D)
  A sphinx (D)
  A storm dragon (D)
  A tengu reaver (D)
  A fire giant (D)
  Aizul (D)
  A frost giant (D)
  A vault warden (D)
  A stone giant (D)
  An ironheart preserver (D)
  2 very ugly things (D)
  A vampire knight (D)
  2 spark wasps (D)
  An ettin (D)
  2 merfolk impalers (D)
  2 hydras (D)
  Harold (D)
  A rakshasa (D)
  An ice dragon (D)
  A great orb of eyes (D)
  A naga warrior (D)
  An alligator snapping turtle (D)
  2 centaur warriors (D)
  2 spriggan air magi (D)
  2 anacondas (D)
  3 ogre magi (D)
  A deep troll shaman (D)
  A naga sharpshooter (D)
  2 sea snakes (D)
  2 glowing orange brains (D)
  3 cyclopes (D)
  An ironbrand convoker (D)
  2 naga ritualists (D)
  7 orc knights (D)
  4 wolf spiders (D)
  An ugly thing (D)
  3 manticores (D)
  2 orc sorcerers (D)
  A black mamba (D)
  A vault sentinel (D)
  2 naga magi (D)
  Joseph (D)
  A guardian serpent (D)
  3 cane toads (D)
  A yaktaur (D)
  2 freezing wraiths (D)
  2 komodo dragons (D)
  A demonic crawler (D)
  A hornet (D)
  A merfolk (D)
  A tyrant leech (D)
  A jumping spider (D)
  A troll (D)
  3 slime creatures (D)
  A blink frog (D)
  A snapping turtle (D)
  A hippogriff (D)
  2 bog bodies (D)
  A vampire (D)
  3 redbacks (D)
  A tarantella (D)
  A yak (D)
  A water elemental (D)
  A human (shapeshifter) (D)
  2 vampire mosquitoes (D)
  2 wargs (D)
  3 hell hounds (D)
  3 water moccasins (D)
  A floating eye (D)
  4 porcupines (D)
  16 orc warriors (D)
  An ogre (D)
  3 wolves (D)
  2 crocodiles (D)
  A big kobold (D)
  4 bullfrogs (D)
  A scorpion (D)
  2 howler monkeys (D)
  2 crimson imps (D)
  7 orc priests (D)
  3 orc wizards (D)
  2 adders (D)
  A shadow imp (D)
  8 orcs (D)
  A bat (D)
  A bat skeleton (D)
  2 bat zombies (D)
  A giant cockroach (D)
  2 kobolds (D)
  A leopard gecko zombie (D)
  A rat (D)
179 creatures vanquished.

Vanquished Creatures (collateral kills)
  A centaur warrior (D)
  A dancing weapon (D)
  An ironbrand convoker (D)
  A necromancer (D)
  An ugly thing (D)
  A deep elf mage (D)
  2 vault sentinels (D)
  A slime creature (D)
  A boggart (D)
10 creatures vanquished.

Grand Total: 189 creatures vanquished

Notes
Turn   | Place    | Note
-------+----------+-------------------------------------------
     0 | D        | Freyura the Hill Orc Fighter began the quest for the Orb.
     0 | D        | Reached XP level 1. HP: 20/20 MP: 1/1
    20 | D        | Noticed an orc priest
    20 | D        | Noticed a water moccasin
    28 | D        | Killed a water moccasin
    28 | D        | Reached skill level 6 in Fighting
    28 | D        | Reached XP level 2. HP: 31/31 MP: 2/2
    28 | D        | Reached XP level 3. HP: 38/38 MP: 3/3
    28 | D        | Reached XP level 4. HP: 45/45 MP: 4/4
    30 | D        | Reached XP level 5. HP: 46/51 MP: 5/5
    32 | D        | Reached skill level 7 in Fighting
    51 | D        | Found a roughly hewn altar of Beogh.
    51 | D        | Found a snail-covered altar of Cheibriados.
    51 | D        | Found a shadowy altar of Dithmenos.
    51 | D        | Found a white marble altar of Elyvilon.
    51 | D        | Found a blossoming altar of Fedhas.
    51 | D        | Found an opulent altar of Gozag.
    52 | D        | Found a hazy altar of Hepliaklqana.
    53 | D        | Found a viscous altar of Jiyva.
    54 | D        | Found an ancient bone altar of Kikubaaqudgha.
    55 | D        | Found a corrupted altar of Lugonu.
    56 | D        | Found a burning altar of Makhleb.
    57 | D        | Found a sparkling altar of Nemelex Xobeh.
    58 | D        | Found an iron altar of Okawaru.
    59 | D        | Found a stormy altar of Qazlal.
    60 | D        | Found a sacrificial altar of Ru.
    61 | D        | Found a shimmering blue altar of Sif Muna.
    62 | D        | Found a bloodstained altar of Trog.
    63 | D        | Found a hide-covered altar of Uskayaw.
    64 | D        | Found a radiant altar of Vehumet.
    65 | D        | Found an ornate altar of the Wu Jian Council.
    66 | D        | Found a shimmering altar of Xom.
    67 | D        | Found a basalt altar of Yredelemnul.
    68 | D        | Found a glowing silver altar of Zin.
    69 | D        | Found a glowing golden altar of the Shining One.
   287 | D        | Became a worshipper of the Shining One
   327 | D        | Reached * piety under the Shining One
   327 | D        | Noticed a big kobold
   332 | D        | Killed a big kobold
   332 | D        | Reached skill level 8 in Fighting
   332 | D        | Reached XP level 6. HP: 61/62 MP: 6/6
   341 | D        | Reached ** piety under the Shining One
   345 | D        | Reached skill level 9 in Fighting
   353 | D        | Noticed a four-headed hydra
   353 | D        | Noticed a troll
   353 | D        | Reached *** piety under the Shining One
   353 | D        | Noticed a manticore
   353 | D        | Noticed a vampire
   368 | D        | Killed a vampire
   368 | D        | Reached **** piety under the Shining One
   368 | D        | Reached XP level 7. HP: 52/71 MP: 7/7
   371 | D        | Reached skill level 10 in Fighting
   376 | D        | Killed a manticore
   376 | D        | Reached skill level 11 in Fighting
   376 | D        | Reached skill level 10 in Armour
   376 | D        | Reached skill level 10 in Shields
   376 | D        | Reached XP level 8. HP: 43/82 MP: 8/8
   380 | D        | Killed a one-headed hydra
   380 | D        | Reached skill level 12 in Fighting
   380 | D        | Reached XP level 9. HP: 48/90 MP: 9/9
   384 | D        | Killed a troll
   650 | D        | Noticed a komodo dragon
   650 | D        | Noticed a cane toad
   650 | D        | Reached ***** piety under the Shining One
   653 | D        | Killed a cane toad
   660 | D        | Reached skill level 13 in Fighting
   668 | D        | Killed a komodo dragon
   686 | D        | Noticed a komodo dragon
   686 | D        | Noticed a cane toad
   690 | D        | Reached skill level 1 in Invocations
   690 | D        | Reached XP level 10. HP: 61/101 MP: 9/11
   699 | D        | Killed a cane toad
   704 | D        | Reached skill level 14 in Fighting
   716 | D        | Reached skill level 5 in Invocations
   884 | D        | Reached ****** piety under the Shining One
  1009 | D        | Noticed Harold
  1031 | D        | Killed Harold
  1439 | D        | Noticed an orc sorcerer
  1448 | D        | Noticed an orc knight
  1450 | D        | Noticed an orc sorcerer
  1451 | D        | Killed an orc sorcerer
  1451 | D        | Reached skill level 15 in Fighting
  1451 | D        | Reached XP level 11. HP: 112/112 MP: 15/17
  1481 | D        | Killed an orc knight
  1491 | D        | Killed an orc sorcerer
  1592 | D        | Found Fianil's Distillery.
  1592 | D        | Noticed an orc knight
  1592 | D        | Noticed an orc knight
  1592 | D        | Noticed an orc knight
  1603 | D        | Noticed an orc knight
  1603 | D        | Killed an orc knight
  1603 | D        | Reached skill level 1 in Evocations
  1604 | D        | Found Zuff's Antique Armour Shop.
  1609 | D        | Killed an orc knight
  1609 | D        | Reached skill level 1 in Dodging
  1619 | D        | Killed an orc knight
  1620 | D        | Found Roudaagg's Armour Boutique.
  1630 | D        | Killed an orc knight
  1630 | D        | Reached skill level 10 in Invocations
  1634 | D        | Found Zapnag's Distillery.
  1914 | D        | Noticed an orc knight
  1915 | D        | Noticed an orc knight
  1929 | D        | Killed an orc knight
  1940 | D        | Killed an orc knight
  1940 | D        | Reached skill level 16 in Fighting
  2235 | D        | Noticed Joseph
  2246 | D        | Killed Joseph
  2343 | D        | Found the +8 autumn katana {slice, Clar}
  2348 | D        | Found the +11 plutonium sword {*Contam Stlth-}
  2366 | D        | Got the +14 chain mail of Awe {-Tele +Inv Str+9}
  2478 | D        | Noticed a wolf spider
  2478 | D        | Noticed a manticore
  2478 | D        | Noticed a cyclops
  2479 | D        | Noticed a cyclops
  2481 | D        | Killed a cyclops
  2485 | D        | Killed a manticore
  2485 | D        | Reached skill level 15 in Armour
  2487 | D        | Killed a wolf spider
  2487 | D        | Reached skill level 15 in Shields
  2487 | D        | Reached XP level 12. HP: 122/122 MP: 18/20
  2488 | D        | Noticed a stone giant
  2491 | D        | Noticed a cyan very ugly thing
  2497 | D        | Noticed an ogre mage
  2499 | D        | Noticed a white very ugly thing
  2502 | D        | Killed a stone giant
  2502 | D        | Reached skill level 5 in Evocations
  2502 | D        | Noticed an ogre mage
  2504 | D        | Noticed a centaur warrior
  2513 | D        | Killed a cyan very ugly thing
  2522 | D        | Killed a cyan very ugly thing
  2522 | D        | Reached skill level 5 in Dodging
  2526 | D        | Killed an ogre mage
  2528 | D        | Killed an ogre mage
  2531 | D        | Killed a centaur warrior
  2531 | D        | Reached skill level 17 in Fighting
  2635 | D        | Noticed a seven-headed hydra
  2646 | D        | Killed a four-headed hydra
  2707 | D        | Reached XP level 13. HP: 132/133 MP: 22/22
  3075 | D        | Noticed a merfolk impaler
  3075 | D        | Noticed a merfolk impaler
  3080 | D        | Killed a merfolk impaler
  3080 | D        | Reached skill level 18 in Fighting
  3098 | D        | Killed a merfolk impaler
  3267 | D        | Noticed Rupert
  3277 | D        | Killed Rupert
  3277 | D        | Reached skill level 15 in Invocations
  3287 | D        | Noticed Frances
  3299 | D        | Killed Frances
  3299 | D        | Reached skill level 10 in Evocations
  3303 | D        | Noticed Saint Roka
  3323 | D        | Killed Saint Roka
  3323 | D        | Reached XP level 14. HP: 104/144 MP: 25/25
  3459 | D        | Noticed Aizul
  3470 | D        | Killed Aizul
  3510 | D        | Noticed a vampire knight
  3514 | D        | Noticed a storm dragon
  3517 | D        | Reached skill level 19 in Fighting
  3525 | D        | Killed a vampire knight
  3526 | D        | Noticed a fire giant
  3531 | D        | Paralysed by a floating eye for 2 turns
  3544 | D        | Killed a storm dragon
  3545 | D        | Noticed a frost giant
  3549 | D        | Paralysed by a floating eye for 4 turns
  3557 | D        | Killed a fire giant
  3578 | D        | Reached skill level 10 in Dodging
  3585 | D        | HP: 4/146 [frost giant/freezing blast (50)]
  3590 | D        | Killed a frost giant
  3892 | D        | Noticed a tengu reaver
  3905 | D        | Killed a tengu reaver
  3960 | D        | Noticed a vault warden
  3967 | D        | Reached skill level 20 in Fighting
  3977 | D        | Killed a vault warden
  3997 | D        | Noticed an ironheart preserver
  4007 | D        | Noticed an orb of fire
  4007 | D        | Noticed a sphinx
  4007 | D        | Gained mutation: You are frail. (-10% HP) [an orb of fire]
  4009 | D        | Reached XP level 15. HP: 125/139 MP: 27/27
  4016 | D        | Killed a sphinx
  4022 | D        | Killed from afar by an orb of fire

Skill      XL: |  1  2  3  4  5  6  7  8  9 10 11 12 13 14 15 |
---------------+----------------------------------------------+-----
Fighting       | 6 8 9 11 12 13 15 16 17 18 20 | 20.3
Armour         | 6 7 8 10 11 12 13 15 16 17 18 19 | 19.0
Shields        | 6 7 8 10 11 12 13 15 16 17 18 | 18.9
Invocations    | 1 8 11 13 15 17 18 | 18.0
Evocations     | 4 7 10 12 | 12.9
Dodging        | 3 6 9 10 11 | 11.1
Short Blades   | | 20.3
Long Blades    | | 20.3
Axes           | | 20.3
Maces & Flails | | 20.3
Polearms       | | 20.3
Staves         | | 20.3
Unarmed Combat | | 20.3

Action                   |  1- 3 |  4- 6 |  7- 9 | 10-12 | 13-15 || total
-------------------------+-------+-------+-------+-------+-------++-------
Melee: Long sword        |    14 |    16 |       |       |       ||    30
       Scimitar          |       |    26 |    45 |   242 |       ||   313
       Katana            |       |       |       |    81 |   248 ||   329
Invok: Divine Shield     |       |       |       |       |     3 ||     3
       Summon Divine War |       |       |       |       |     2 ||     2
  Use: Potion            |     4 |     1 |       |       |     5 ||    10
       Scroll            |       |       |       |       |     2 ||     2
  Eat: Ration            |       |       |       |     3 |     1 ||     4
Armor: Scale mail        |     4 |     6 |       |       |       ||    10
       Chain mail        |       |    19 |     7 |    43 |    40 ||   109
Dodge: Dodged            |     4 |     8 |     9 |    35 |    29 ||    85
Block: Shield            |     9 |    22 |    24 |   167 |   139 ||   361
